 Dungeon Crawl Stone Soup version 0.31-a0-175-g9f7f995f2b (webtiles) character file.

Game seed: 1081424332568627980

266 qw the Shooter (level 6, -3/38 HPs)
             Began as a Gargoyle Hunter on June 16, 2023.
             Blown up by Ijyb (14 damage)
             ... with a mindburst bolt
             ... on level 3 of the Dungeon.
             The game lasted 00:00:57 (2196 turns).

qw the Shooter (Gargoyle Hunter)                    Turns: 2196, Time: 00:00:58

Health: -3/38      AC: 13    Str: 14    XL:     6   Next: 20%
Magic:  0/6        EV: 12    Int: 10    God:
Gold:   132        SH:  0    Dex: 21    Spells: 5/5 levels left

rFire   . . .        Y - +0 shortbow
rCold   . . .        (shield currently unavailable)
rNeg    + . .        c - +0 leather armour
rPois   inf          (no helmet)
rElec   +            (no cloak)
rCorr   .            e - +0 pair of gloves
SInv    .            k - +0 pair of boots
Will    .....        i - amulet of guardian spirit
Stlth   ++           a - +6 ring of dexterity
HPRegen 0.26/turn    j - +4 ring of protection
MPRegen 0.10/turn

%: guardian spirit
@: no status effects
A: sickness immunity, AC +4, negative energy resistance 1, electricity
resistance, torment resistance 1, petrification resistance
a: no special abilities


You were on level 3 of the Dungeon.
You visited 1 branch of the dungeon, and saw 3 of its levels.

You collected 132 gold pieces.


Innate Abilities, Weirdness & Mutations

You are immune to sickness and miasma.
Your stone body is resilient. (AC +4)
You are immune to poison.
You resist negative energy. (rN+)
You are resistant to electric shocks. (rElec)
You are resistant to unholy torment.
You are immune to petrification.


   Skills:
 + Level 3.7 Fighting
 - Level 6.0 Ranged Weapons
 - Level 1.8 Armour
 - Level 2.3 Dodging
 - Level 1.1 Stealth


You had 5 spell levels left.
You didn't know any spells.
Your spell library was empty.

Inventory:

Hand Weapons
 Y - a +0 shortbow (weapon)
Armour
 c - a +0 leather armour (worn)
 e - a +0 pair of gloves (worn)
 k - a +0 pair of boots (worn)
Jewellery
 a - a +6 ring of dexterity (left hand)
 i - an amulet of guardian spirit (around neck)
 j - a +4 ring of protection (right hand)
Scrolls
 f - 2 scrolls of identify
 l - a scroll of teleportation
 m - a scroll of fog {unknown}
 o - a scroll of noise {unknown}
Potions
 b - 2 potions of heal wounds
 d - a potion of ambrosia {unknown}
 g - a potion of might {unknown}
 h - a potion of curing
 n - a potion of invisibility {unknown}

Dungeon Overview and Level Annotations

Branches:
Dungeon (3/15)

Altars:

Annotations:
D:3 Ijyb


Message History

Enter note:
Enter note: You see here 5 stones.
A quokka and a ball python come into view.
Enter note:
Enter note:
Enter note:
Enter note: You shoot an arrow.
The arrow hits the quokka!
You kill the quokka!
You shoot an arrow. The arrow hits the ball python!
You kill the ball python!
Ijyb the Twisted Goblin comes into view.
She is wielding a +0 vampiric dagger, wearing a +2 scale mail of poison resistance and carrying a wand of mindburst (16).
You see here a quokka corpse.
Enter note:
Enter note:
Enter note:
Enter note: You shoot an arrow.
The arrow closely misses Ijyb.
Ijyb zaps a wand.
Your mind is blasted!
You shoot an arrow. The arrow hits Ijyb.
Ijyb is lightly wounded.
You shoot an arrow. The arrow hits Ijyb!
Ijyb is moderately wounded.
Ijyb zaps a wand.
You barely resist. You shoot an arrow. The arrow barely misses Ijyb.
You shoot an arrow. The arrow hits Ijyb but does no damage.
Ijyb is moderately wounded.
You shoot an arrow. The arrow hits Ijyb but does no damage.
Ijyb is moderately wounded.
Ijyb closely misses you.
You shoot an arrow. The arrow hits Ijyb.
Ijyb is moderately wounded.
Ijyb hits you with a +0 vampiric dagger.
You shoot an arrow. The arrow hits Ijyb.
Ijyb is heavily wounded.
Ijyb zaps a wand.
Your mind is blasted!
You shoot an arrow. The arrow closely misses Ijyb.
Ijyb zaps a wand.
Your mind is blasted!
You die...

##### .#. .#
#.###..# #.###..#
#.##...# #.##.#.#
#######.##.#.#
.####............#
.....####.###.###
.###..#........#
......g@##.#####
.###..####.# .....
#.# .#### ..# ###


You could see Ijyb.

Vanquished Creatures
  A gnoll bouda (D:3)
  Jessica (D:3)
  Terence (D:3)
  An orc wizard (D:3)
  5 gnolls (D:3)
  3 adders
  A worm (D:3)
  2 dart slugs
  2 orcs (D:3)
  6 ball pythons
  6 endoplasms
  2 giant cockroaches
  6 goblins
  3 hobgoblins
  4 jackals
  2 quokkas
  5 bats
  3 frilled lizards (D:1)
  8 kobolds
  6 rats
68 creatures vanquished.

Vanquished Creatures (others)
  An orc wizard (D:3)
1 creature vanquished.

Grand Total: 69 creatures vanquished

Notes
Turn   | Place    | Note
-------+----------+-------------------------------------------
     0 | D:1      | qw the Gargoyle Hunter began the quest for the Orb.
     0 | D:1      | Reached XP level 1. HP: 12/12 MP: 1/1
     0 | D:1      | 0 ||| qw: Version: 0.2-a-29-g511e9b1
     0 | D:1      | 0 ||| qw: Game counter: 5886
     0 | D:1      | 0 ||| qw: Always use a shield: true
     0 | D:1      | 0 ||| qw: God list: Okawaru
     0 | D:1      | 0 ||| qw: Allow faded altars: false
     0 | D:1      | 0 ||| qw: Do Orc after D:15 true
     0 | D:1      | 0 ||| qw: Do second Lair branch before Depths: true
     0 | D:1      | 0 ||| qw: Lair rune preference: random
     0 | D:1      | 0 ||| qw: Plans: Normal, Zot:1-4, Slime:5, God:TSO, Crypt,
                  | Tomb, Abyss, Pan, Hells, Win
     0 | D:1      | 0 ||| PLANNING D:1-11
   221 | D:1      | Reached XP level 2. HP: 17/17 MP: 2/2
   267 | D:1      | 267 ||| FLEEEEING.
   268 | D:1      | 268 ||| FLEEEEING.
   269 | D:1      | 269 ||| FLEEEEING.
   472 | D:1      | You fall into a shaft and drop 1 floor!
   547 | D:2      | Reached XP level 3. HP: 21/21 MP: 3/3
   591 | D:2      | 591 ||| UPGRADING to amulet of guardian spirit.
   596 | D:2      | 596 ||| READING scroll labelled BOICO QOZIH.
   597 | D:2      | 597 ||| READING scroll labelled ARENOL LOMUSYA.
   598 | D:2      | 598 ||| DROPPING scroll of butterflies.
   659 | D:1      | Reached skill level 5 in Ranged Weapons
   997 | D:1      | 997 ||| UPGRADING to +6 ring of dexterity.
   998 | D:1      | 998 ||| READING scroll labelled OZOLEPH GIEMY.
   999 | D:1      | 999 ||| READING scroll labelled IDONOO QAAFI.
  1002 | D:1      | 1002 ||| DRINKING 2 smoky orange potions.
  1554 | D:2      | Reached skill level 3 in Fighting
  1654 | D:2      | 1654 ||| UPGRADING to +0 pair of gloves.
  1659 | D:2      | 1659 ||| UPGRADING to +0 pair of boots.
  1664 | D:2      | 1664 ||| UPGRADING to +4 ring of protection.
  1665 | D:2      | 1665 ||| READING 2 scrolls of identify.
  1665 | D:2      | 1665 ||| IDENTIFYING cyan potion
  1705 | D:3      | Noticed Terence
  1715 | D:3      | Reached XP level 4. HP: 22/28 MP: 2/4
  1722 | D:3      | Killed Terence
  1723 | D:3      | Reached skill level 1 in Armour
  1796 | D:3      | 1796 ||| Stepping ~*~*~tactically~*~*~ (outnumbered).
  1830 | D:3      | Reached XP level 5. HP: 25/32 MP: 3/5
  1911 | D:3      | Noticed Jessica
  1912 | D:3      | 1912 ||| Stepping ~*~*~tactically~*~*~ (outnumbered).
  1914 | D:3      | 1914 ||| Stepping ~*~*~tactically~*~*~ (outnumbered).
  1917 | D:3      | 1917 ||| DRINKING 2 potions of curing.
  1917 | D:3      | 1917 ||| (to cure confusion)
  1921 | D:3      | 1921 ||| Stepping ~*~*~tactically~*~*~ (outnumbered).
  1934 | D:3      | Reached skill level 6 in Ranged Weapons
  1939 | D:3      | 1939 ||| FLEEEEING.
  1940 | D:3      | 1940 ||| FLEEEEING.
  1949 | D:3      | Killed Jessica
  2107 | D:3      | Reached XP level 6. HP: 37/37 MP: 6/6
  2111 | D:3      | 2111 ||| FLEEEEING.
  2112 | D:3      | 2112 ||| FLEEEEING.
  2187 | D:3      | Noticed Ijyb
  2196 | D:3      | Blown up by Ijyb

Levels and vault maps discovered:
D:1:      lightli_arrival_maybe_door_vault, layout_basic, chequers_big_river
D:2:      layout_basic
D:3:      layout_loops_cross, uniq_ijyb, uniq_jessica, uniq_terence

Skill      XL: |  1  2  3  4  5 |
---------------+----------------+-----
Ranged Weapons | 5 6 |  6.0
Fighting       | 3 |  3.7
Armour         | 1 |  1.8
Dodging        | 2 |  2.3
Stealth        | |  1.1

Action                     |  1- 3 |  4- 6 || total
---------------------------+-------+-------++-------
   Fire: Shortbow          |   126 |    99 ||   225
    Use: Scroll            |     5 |       ||     5
         Potion            |     1 |     1 ||     2
 Armour: Leather armour    |    17 |    24 ||    41
  Dodge: Dodged            |    27 |    41 ||    68

Table legend:
 A = Non-vault XP
 B = Vault XP
 C = Vault XP percentage of total XP
 D = Non-vault monster count
 E = Vault monster count
 F = Vault count percentage of total count
                 A         B        C        D         E       F
            +---------+---------+-------+---------+---------+-------
      Total |     307 |      73 |  19.2 |      67 |       2 |   2.9
            +---------+---------+-------+---------+---------+-------
        D:1 |      25 |       0 |   0.0 |      18 |       0 |   0.0
        D:2 |      52 |       0 |   0.0 |      24 |       0 |   0.0
        D:3 |     230 |      73 |  24.1 |      25 |       2 |   7.4
            +---------+---------+-------+---------+---------+-------
